 Dungeon Crawl Stone Soup version 0.23.2-30-g0e89c35649 (webtiles) character file.

Game seed: 3989858099296675680

4428 MalarOregon the Geomancer (level 10, -9/91 HPs)
             Began as a Ghoul Earth Elementalist on June 12, 2019.
             Was a Follower of Makhleb.
             Mangled by a catoblepas (11 damage)
             ... on level 9 of the Dungeon.
             The game lasted 00:18:08 (9153 turns).

MalarOregon the Geomancer (GhEE)                    Turns: 9153, Time: 00:18:08

Health: -9/91      AC:  7    Str: 13    XL:     10   Next: 36%
Magic:  14/20      EV: 12    Int: 18    God:    Makhleb [*.....]
Gold:   533        SH:  0    Dex: 14    Spells: 8/23 levels left

rFire    . . .     SeeInvis .   c - +1 spear (venom)
rCold    + . .     Gourm    .   (no shield)
rNeg     + + +     Faith    .   C - +0 robe
rPois    ∞         Spirit   .   E - +0 helmet
rElec    .         Reflect  .   N - +0 cloak
rCorr    .         Harm     .   (no gloves)
MR       .....                  n - +2 pair of boots
Stlth    ++........             (no amulet)
HPRegen  0.00/turn              M - +5 ring of dexterity
MPRegen  0.17/turn              H - +5 ring of intelligence

@: very slightly contaminated, rotting
A: rotting body, claws 1, carnivore, cold resistance 1, negative energy
resistance 3, inhibited regeneration, torment resistance, unbreathing
a: Renounce Religion


You were on level 9 of the Dungeon.
You worshipped Makhleb.
Makhleb was aware of your devotion.
You were not hungry.

You visited 2 branches of the dungeon, and saw 10 of its levels.

You collected 533 gold pieces.

Inventory:

Hand Weapons
 c - a +1 spear of venom (weapon)
   (You took it off a gnoll on level 5 of the Dungeon)
 w - a +5 hand axe of flaming
   (You took it off an orc on level 3 of the Dungeon)
Missiles
 b - 139 stones (quivered)
Armour
 n - a +2 pair of boots (worn)
   (You found it on level 1 of the Dungeon)
 C - a +0 robe (worn)
 E - a +0 helmet (worn)
   (You found it on level 1 of the Dungeon)
 N - a +0 cloak (worn)
   (You found it on level 2 of the Dungeon)
Magical Staves
 I - an uncursed staff of wizardry {!a}
   (You found it on level 7 of the Dungeon)
 K - an uncursed staff of power {!a}
   (You found it on level 7 of the Dungeon)
Jewellery
 z - an uncursed ring of see invisible
   (You found it on level 1 of the Dungeon)
 H - a +5 ring of intelligence (right claw)
   (You found it on level 6 of the Dungeon)
 J - an uncursed ring of ice
   (You found it on level 7 of the Dungeon)
 M - a +5 ring of dexterity (left claw)
   (You found it on level 8 of the Dungeon)
 O - an uncursed ring of wizardry
   (You found it on level 8 of the Dungeon)
Wands
 d - a wand of iceblast (14)
   (You found it on level 6 of the Dungeon)
 t - a wand of flame (22)
   (You found it on level 8 of the Dungeon)
 v - a wand of digging (6)
   (You found it on level 4 of the Dungeon)
Scrolls
 f - 6 scrolls of remove curse {@r2}
 g - 2 scrolls of enchant weapon
 p - 2 scrolls of blinking {unknown}
 s - 3 scrolls of fog
 y - 3 scrolls of teleportation {unknown}
 A - 2 scrolls of amnesia {unknown}
 D - a scroll of holy word {unknown}
Potions
 a - 2 potions of magic
 h - 5 potions of flight
 i - 2 potions of agility
 j - a potion of heal wounds {@q2}
 k - 3 potions of curing {@q1}
 l - 2 potions of ambrosia
 m - a potion of resistance {unknown}
 o - a potion of invisibility
 u - a potion of cancellation
 x - a potion of haste {@q3}
Comestibles
 e - 18 rations {!d}


   Skills:
 + Level 9.3 Fighting
 - Level 1.7 Dodging
 - Level 2.1 Stealth
 + Level 7.4 Spellcasting
 - Level 0.8 Transmutations
 + Level 9.9 Earth Magic


You had 8 spell levels left.
You knew the following spells:

 Your Spells              Type           Power        Failure   Level  Hunger
a - Sandblast             Erth           #####.       1%          1    None
b - Petrify               Tmut/Erth      ####....     11%         4    ###....
c - Lee's Rapid Deconstr  Erth           #####.....   4%          5    #####..
q - Passwall              Tmut/Erth      ####....     1%          2    None
x - Stone Arrow           Conj/Erth      ###...       4%          3    #......

Your spell library contained the following spells:

 Spells                   Type           Power        Failure   Level  Hunger


Dungeon Overview and Level Annotations

Branches:
Dungeon (9/15)             Temple (1/1) D:4
   Lair: D:8-11         Orc: D:9-12

Altars:
Ashenzari
Cheibriados
Dithmenos
Elyvilon
Fedhas
Gozag
Hepliaklqana
Kikubaaqudgha
Makhleb
Nemelex Xobeh
Okawaru
Qazlal
Ru
Sif Muna
Trog
Uskayaw
Vehumet
Wu Jian
Xom
Yredelemnul
Zin
The Shining One

Shops:
D:7 (


Innate Abilities, Weirdness & Mutations

Your body is rotting away.
You thrive on raw meat.
You are immune to poison.
You have sharp fingernails.
You are carnivorous and can eat meat at any time.
Your flesh is cold resistant. (rC+)
You are immune to negative energy. (rN+++)
You do not regenerate when monsters are visible.
You are immune to unholy pain and torment.
You can survive without breathing.


Message History

You drop 2 potions of degeneration {!q}.
As you read the scroll of identify {@r1}, it crumbles to dust.
l - 2 potions of ambrosia
Okay, then.
The catoblepas bellows!
The catoblepas is too close now for your liking.
An ice dragon comes into view.
The ice dragon roars deafeningly!
Found 35 gold pieces.
Found an opulent altar of Gozag.
Attack whom?
Aim: a catoblepas You reach to attack!
You hit the ice dragon but do no damage.
The catoblepas breathes a plume of calcifying dust at you.
The blast of calcifying dust hits you!
Attack whom?
Aim: a catoblepas (calcifying dust)
You reach to attack!
You hit the catoblepas but do no damage.
The catoblepas is poisoned.
You hit the catoblepas but do no damage.
The ice dragon is engulfed in calcifying dust.
The ice dragon is moving more slowly.
The catoblepas closely misses you.
The ice dragon is engulfed in calcifying dust.
The ice dragon stops moving altogether!
You hit the catoblepas. The catoblepas gores you!! The catoblepas gores you!
Aim: a catoblepas (lightly wounded, poisoned)
The stone arrow hits the catoblepas.
The catoblepas barely misses you.
Aim: a catoblepas (lightly wounded, poisoned)
You miscast Stone Arrow.
You are very lightly contaminated with residual magic.
Nothing appears to happen.
The catoblepas barely misses you.
You don't know that spell.
You can't see any susceptible monsters within range! (Use Z to cast anyway.)
You can't see any susceptible monsters within range! (Use Z to cast anyway.)
You can't see any susceptible monsters within range! (Use Z to cast anyway.)
As you read the scroll labeled YXYGOD ABYSM, it crumbles to dust.
The scroll dissolves into smoke.
It was a scroll of fog.
The catoblepas gores you!!
* * * LOW HITPOINT WARNING * * *
As you read the scroll labeled VETUYR IMAEKH, it crumbles to dust.
It is a scroll of enchant weapon.
Your +4 hand axe of flaming glows red for a moment.
The catoblepas gores you!!
* * * LOW HITPOINT WARNING * * *
Okay, then.
As you read the scroll labeled DOJOIM ABOUXZOENA, it crumbles to dust.
You experience a momentary feeling of inescapable doom!
It was a scroll of random uselessness.
The catoblepas gores you!
You die...

###### #....#
#######....# ######
#..........#####.....
#.#####..........#
........§§§§§....#
####+###.§§§§....#
##§@§§....#
##Y#####.# #$..8D#
#.######## ..#$....#
#>........ #
..#$....# #.########
# _.#$..8.# #.#...# #
. ##.##.. #.#.#.# #
###.....##.#.#.# #
##+###......##'#.#.#


You could see an ice dragon (petrified) and a catoblepas.

Vanquished Creatures
  A two-headed ogre (D:6)
  A hornet (D:8)
  3 hippogriffs
  A wyvern (D:9)
  A soldier ant (D:8)
  Duvessa (D:7)
  2 water moccasins
  An orc warrior (D:6)
  A phantom (D:4)
  4 ogres
  A necrophage (D:9)
  A centaur (D:7)
  2 bullfrogs (D:7)
  Dowan (D:7)
  A water moccasin skeleton (D:4)
  5 scorpions
  5 killer bees (D:8)
  2 howler monkeys
  An electric eel (D:8)
  A centaur zombie (D:6)
  A crimson imp (D:6)
  A jelly (D:9)
  A bullfrog skeleton (D:4)
  3 hounds
  2 orc priests (D:6)
  5 orc wizards
  2 iguanas
  8 worker ants
  A killer bee zombie (D:5)
  2 hound skeletons
  6 gnolls
  7 adders
  2 shadow imps
  An ooze (D:5)
  An adder zombie (D:9)
  2 worms
  2 dart slugs (D:1)
  10 leopard geckos
  26 orcs
  3 ball pythons
  7 giant cockroaches
  6 goblins
  2 hobgoblins
  8 jackals (D:6)
  12 kobolds
  4 quokkas
  5 bats
  5 frilled lizards
  A leopard gecko skeleton (D:8)
  A quokka skeleton (D:4)
  4 rats
177 creatures vanquished.

Vanquished Creatures (others)
  A bat (D:1)
1 creature vanquished.

Grand Total: 178 creatures vanquished

Notes
Turn   | Place    | Note
-------+----------+-------------------------------------------
     0 | D:1      | MalarOregon the Ghoul Earth Elementalist began the quest
                  | for the Orb.
     0 | D:1      | Reached XP level 1. HP: 14/14 MP: 2/2
    88 | D:1      | Reached XP level 2. HP: 17/22 MP: 4/4
   184 | D:1      | Reached skill level 1 in Fighting
   376 | D:1      | Reached XP level 3. HP: 27/28 MP: 1/5
  1040 | D:2      | Found a shattered altar of Ashenzari.
  1134 | D:2      | Found a hide-covered altar of Uskayaw.
  1135 | D:2      | Noticed a +0 hand axe
  1135 | D:2      | Noticed a +0 dagger
  1161 | D:2      | Reached XP level 4. HP: 35/35 MP: 1/6
  2103 | D:3      | Learned a level 2 spell: Passwall
  2107 | D:3      | Learned a level 3 spell: Stone Arrow
  2154 | D:3      | Found an iron altar of Okawaru.
  2623 | D:3      | Reached XP level 5. HP: 42/42 MP: 3/8
  3093 | D:4      | Noticed an ogre
  3105 | D:4      | Killed an ogre
  3105 | D:4      | Reached skill level 5 in Earth Magic
  3105 | D:4      | Reached XP level 6. HP: 36/52 MP: 3/10
  3264 | D:4      | Found a sacrificial altar of Ru.
  3374 | D:4      | Found an opulent altar of Gozag.
  3734 | D:4      | Noticed a phantom
  3735 | D:4      | Found a staircase to the Ecumenical Temple.
  3760 | D:4      | Killed a phantom
  3760 | D:4      | Reached XP level 7. HP: 44/60 MP: 0/11
  3766 | Temple   | Entered the Ecumenical Temple
  3922 | D:5      | Entered Level 5 of the Dungeon
  3991 | D:5      | Learned a level 4 spell: Petrify
  4381 | D:5      | Reached skill level 5 in Fighting
  4488 | D:5      | Reached XP level 8. HP: 62/69 MP: 2/13
  4580 | D:5      | Found a glowing silver altar of Zin.
  4752 | D:5      | Found a shadowy altar of Dithmenos.
  4762 | D:5      | Found a burning altar of Makhleb.
  4775 | D:5      | Became a worshipper of Makhleb the Destroyer
  5017 | D:6      | Reached skill level 5 in Spellcasting
  5534 | D:6      | Noticed a hippogriff
  5577 | D:6      | Killed a hippogriff
  5577 | D:6      | Reached XP level 9. HP: 5/78 MP: 0/16
  6045 | D:6      | Found a stormy altar of Qazlal.
  6162 | D:6      | Noticed a two-headed ogre
  6172 | D:6      | Killed a two-headed ogre
  6983 | D:7      | Noticed Duvessa
  6985 | D:7      | Noticed Dowan
  7001 | D:7      | Killed Duvessa
  7010 | D:7      | Killed Dowan
  7134 | D:7      | Found Vafukoxzu's Antique Weapon Boutique.
  7174 | D:7      | Reached * piety under Makhleb
  7297 | D:7      | Reached XP level 10. HP: 60/90 MP: 3/19
  7611 | D:7      | Found a bloodstained altar of Trog.
  7611 | D:7      | Found an ornate altar of the Wu Jian Council.
  8153 | D:8      | Found an iron altar of Okawaru.
  8296 | D:8      | Got an encrusted long sword
  8365 | D:8      | Found a hazy altar of Hepliaklqana.
  8777 | D:9      | Learned a level 5 spell: Lee's Rapid Deconstruction
  9127 | D:9      | Noticed a catoblepas
  9143 | D:9      | Found an opulent altar of Gozag.
  9143 | D:9      | Noticed an ice dragon
  9152 | D:9      | HP: 2/91 [catoblepas (23)]
  9153 | D:9      | Mangled by a catoblepas

Skill      XL: |  1  2  3  4  5  6  7  8  9 10 |
---------------+-------------------------------+-----
Spellcasting   | 2 3 4 5 6 7 |  7.4
Fighting       | 1 2 3 4 5 6 8 9 |  9.3
Earth Magic    | 4 5 6 7 9 |  9.9
Dodging        | |  1.7
Stealth        | |  2.1
Transmutations | |  0.8

Action                   |  1- 3 |  4- 6 |  7- 9 | 10-12 || total
-------------------------+-------+-------+-------+-------++-------
Melee: Unarmed           |   120 |    70 |       |       ||   190
       Hand axe          |       |    52 |    24 |       ||    76
       Spear             |       |       |   211 |   156 ||   367
 Cast: Sandblast         |    12 |    50 |    89 |    13 ||   164
       Stone Arrow       |       |       |    20 |     1 ||    21
  Use: Scroll            |       |       |     2 |    13 ||    15
       Potion            |       |       |     1 |       ||     1
 Stab: Sleeping          |     7 |     3 |     3 |     2 ||    15
  Eat: Chunk             |     6 |     7 |    14 |     7 ||    34
Armor: Robe              |    40 |    53 |   100 |    35 ||   228
Dodge: Dodged            |    89 |   106 |   206 |    91 ||   492
